 Dungeon Crawl Stone Soup version 0.28.0-47-ge53b351184 (webtiles) character file.

Game seed: 15394603219664168389

4792 styxcanada the Cleaver (level 10, -1/91 HPs)
             Began as a Minotaur Fighter on May 8, 2022.
             Killed by divine providence
             ... invoked by an orc priest
              (9 damage)
             ... on level 8 of the Dungeon.
             The game lasted 00:30:28 (7116 turns).

styxcanada the Cleaver (Minotaur Fighter)           Turns: 7116, Time: 00:30:29

Health: -1/91      AC: 12    Str: 25    XL:     10   Next: 24%
Magic:  9/9        EV:  9    Int:  5    God:
Gold:   381        SH:  5    Dex: 10    Spells: 9/9 levels left

rFire   . . .      SeeInvis .   a - +0 war axe (chaos)
rCold   + . .      Faith    .   c - +0 buckler
rNeg    . . .      Spirit   .   I - +0 chain mail
rPois   .          Reflect  .   (helmet restricted)
rElec   .          Harm     .   o - +0 cloak {Will+}
rCorr   .          Rampage  .   (no gloves)
Will    ++...                   (no boots)
Stlth   ..........              q - amulet of regeneration
HPRegen 1.05/turn               i - ring of protection from cold
MPRegen 0.11/turn               C - ring of willpower

@: mighty, about to teleport, invisible
A: horns 2, retaliatory headbutt
a: no special abilities


You were on level 8 of the Dungeon.
You visited 2 branches of the dungeon, and saw 9 of its levels.
You also visited: Sewer and Ossuary.

You collected 381 gold pieces.

Inventory:

Hand Weapons
 a - a +0 war axe of chaos (weapon)
 d - a +4 quarterstaff of chaos
 p - a +2 short sword of draining
 y - a +2 mace of protection
Missiles
 g - 44 sling bullets
 h - 190 stones
 r - 2 curare-tipped darts
 z - 23 poisoned darts (quivered)
 D - 2 throwing nets
Armour
 c - a +0 buckler (worn)
 o - a +0 cloak of willpower (worn)
 E - a scarf of resistance
 I - a +0 chain mail (worn)
Jewellery
 f - a ring of fire
 i - a ring of protection from cold (left hand)
 m - a ring of flight
 q - an amulet of regeneration (around neck)
 x - a ring of ice
 C - a ring of willpower (right hand)
Wands
 j - a wand of acid (14)
 t - a wand of iceblast (5)
 u - a wand of paralysis (6)
 O - a wand of polymorph (5)
Scrolls
 l - a scroll of holy word
 B - 3 scrolls of identify
 F - a scroll of teleportation
 K - a scroll of enchant weapon {unknown}
 N - a scroll of fog {unknown}
Potions
 b - 2 potions of brilliance
 e - a potion of cancellation
 k - 3 potions of haste
 s - 4 potions of curing
 v - 2 potions of flight
 w - a potion of lignification
 A - a potion of resistance
 G - a potion of heal wounds
 H - a potion of magic
 J - 2 potions of ambrosia
 M - a potion of mutation


   Skills:
 * Level 9.6 Fighting
 + Level 10.8 Axes
 * Level 9.7 Armour
 + Level 3.1 Dodging
 + Level 5.1 Shields
 * Level 3.9 Evocations


You had 9 spell levels left.
You didn't know any spells.
Your spell library contained the following spells:

 Spells                   Type           Power      Damage    Failure   Level
 Freeze                   Ice            0%         1d3       98%         1
 Summon Small Mammal      Summ           0%         N/A       98%         1
 Ensorcelled Hibernation  Hex/Ice        0%         N/A       99%         2
 Passwall                 Tmut/Erth      0%         N/A       99%         2
 Call Canine Familiar     Summ           0%         N/A       100%        3
 Frozen Ramparts          Ice            0%         1d2       100%        3
 Summon Guardian Golem    Hex/Summ       0%         N/A       100%        3
 Swiftness                Air            0%         N/A       100%        3
 Hailstorm                Conj/Ice       0%         3d3       100%        4


Dungeon Overview and Level Annotations

Branches:
Dungeon (8/15)             Temple (1/1) D:6            Lair (0/6) D:8
  Sewer (visited)         Ossuary (visited)

Altars:
Cheibriados
Dithmenos
Hepliaklqana
Kikubaaqudgha
Makhleb
Nemelex Xobeh
Okawaru
Trog
Uskayaw
Vehumet
Wu Jian
Xom
Yredelemnul
Zin
The Shining One

Shops:
D:3 (   D:7 =

Annotations:
D:4 2 transporters, qwertyui's ghost, amateur MiFi
D:5 2 runed translucent doors, 0gre's ghost, novice GnIE


Innate Abilities, Weirdness & Mutations

You have a pair of horns on your head.
You reflexively headbutt those who attack you in melee.


Message History

The bullfrog hits you but does no damage.
An orc comes into view. It is wielding a +0 hand axe.
A warg and 2 orc priests come into view.
Found a staircase to the Lair.
The warg howls!
The orc shouts!
The orc priest shouts! x2
The bullfrog hits you. You block the gnoll sergeant's attack.
The bullfrog hits you but does no damage.
The orc priest moves out of view.
The gnoll sergeant rages.
The gnoll sergeant hits you from afar with a +0 spear!
You block the jelly's attack.
You feel very mighty all of a sudden.
The bullfrog hits you but does no damage.
The orc priest casts a cantrip, but nothing happens.
You block the gnoll sergeant's attack. You block the bullfrog's attack.
The jelly barely misses you. You furiously retaliate!
You headbutt the jelly!!
You kill the jelly!
A gnoll comes into view. It is wielding a +0 club.
You hit the orc priest but do no damage.
You slash the bullfrog!
The bullfrog is poisoned.
The gnoll sergeant hits you from afar with a +0 spear!
* * * LOW HITPOINT WARNING * * *
The orc priest mumbles some strange prayers to Beogh against you.
You resist with almost no effort. The bullfrog misses you.
The gnoll sergeant hits you from afar with a +0 spear!
* * * LOW HITPOINT WARNING * * *
Okay, then.
As you read the scroll of teleportation, it crumbles to dust.
You feel strangely unstable. The warg bites you but does no damage.
The bullfrog hits you but does no damage.
The orc priest misses you. The gnoll completely misses you.
You furiously retaliate!
You headbutt the gnoll! You block the gnoll sergeant's attack.
The bullfrog hits you.
* * * LOW HITPOINT WARNING * * *
The warg barely misses you.
You fade into invisibility!
The gnoll sergeant completely misses you.
The orc priest mumbles some strange prayers to Beogh against you.
Beogh smites you!
You die...

### ... ##### ####
#.##...##.#.. .
...........# ...
#.........#
P...h###ggg......#
....ooh@Fgg.# ..#
.....oo###.g###..#####
.>...oo #...g.<..g....
......# #.............
...... #......>......
.....# #.............
..... #..(..........
....# #.............
#.............


You could see 2 wargs, an orc warrior, a gnoll sergeant (berserk), a bullfrog
(very poisoned), 3 orc priests, 6 gnolls and 2 orcs.

Vanquished Creatures
  Joseph (D:7)
  Prince Ribbit (D:6)
  Sigmund (D:6)
  6 yaks (D:6)
  A steam dragon (D:7)
  A water moccasin (D:7)
  2 ice beasts (D:6)
  An orc warrior (D:6)
  3 black bears
  2 necrophages
  2 ogres (D:5)
  A centaur (D:5)
  A phantom (D:5)
  3 kobold brigands
  A wyvern zombie (D:6)
  5 water moccasin zombies (Ossuary)
  7 scorpions
  3 jellies
  2 hounds
  2 bullfrog skeletons
  A gnoll shaman (D:7)
  4 orc priests
  Crazy Yiuf (D:2)
  A centaur skeleton (D:7)
  5 iguanas
  3 orc wizards (D:6)
  2 mummies (Ossuary)
  A howler monkey zombie (D:6)
  9 gnolls
  3 river rats
  14 adders
  A shadow imp (D:7)
  An ufetubus (D:7)
  2 adder skeletons
  2 adder zombies (Ossuary)
  4 worms
  4 dart slugs
  11 orcs
  3 bats
  9 endoplasms
  2 giant cockroaches
  2 goblins
  4 hobgoblins
  3 quokkas
  13 ball pythons
  6 frilled lizards
  3 gnoll zombies (Ossuary)
  5 hobgoblin zombies (Ossuary)
  14 kobolds
  5 kobold zombies (Ossuary)
  7 orc zombies (Ossuary)
  A quokka skeleton (D:4)
  10 rats
202 creatures vanquished.

Notes
Turn   | Place    | Note
-------+----------+-------------------------------------------
     0 | D:1      | styxcanada the Minotaur Fighter began the quest for the
                  | Orb.
     0 | D:1      | Reached XP level 1. HP: 19/19 MP: 0/0
   262 | D:1      | Reached XP level 2. HP: 27/27 MP: 1/1
   776 | D:2      | Reached skill level 3 in Axes
   809 | D:2      | Reached XP level 3. HP: 24/33 MP: 2/2
  1124 | D:2      | Reached XP level 4. HP: 40/40 MP: 3/3
  1367 | D:2      | Found a runed translucent door.
  1368 | D:2      | Noticed Crazy Yiuf
  1374 | D:2      | Killed Crazy Yiuf
  1485 | D:3      | Found a hide-covered altar of Uskayaw.
  1771 | D:3      | Reached skill level 4 in Axes
  1780 | D:3      | Found a faded altar of an unknown god.
  1783 | D:3      | Found a sparkling altar of Nemelex Xobeh.
  1871 | D:3      | Reached XP level 5. HP: 39/43 MP: 4/4
  2017 | D:3      | Found a glowing silver altar of Zin.
  2051 | D:3      | Found Hysaol Diliz's Weapon Boutique.
  2299 | D:4      | Reached skill level 5 in Fighting
  2299 | D:4      | Reached skill level 5 in Armour
  2331 | D:4      | Found a glowing drain.
  2341 | Sewer    | Entered a sewer
  2520 | Sewer    | Reached XP level 6. HP: 56/56 MP: 5/5
  2743 | D:4      | Reached skill level 5 in Axes
  2801 | D:4      | Found a transporter.
  2802 | D:4      | Found a transporter.
  2802 | D:4      | Noticed qwertyui's ghost (amateur MiFi)
  3511 | D:5      | Entered Level 5 of the Dungeon
  3584 | D:5      | Reached skill level 1 in Dodging
  3923 | D:5      | Reached XP level 7. HP: 33/61 MP: 6/6
  3935 | D:5      | Found a large runed translucent door.
  4066 | D:5      | Found a large runed translucent door.
  4070 | D:5      | Noticed 0gre's ghost (novice GnIE)
  4121 | D:5      | Reached skill level 6 in Axes
  4183 | D:5      | Found an ornate altar of the Wu Jian Council.
  4599 | D:5      | Reached skill level 7 in Axes
  4605 | D:5      | Reached XP level 8. HP: 39/71 MP: 7/7
  5274 | D:6      | Reached skill level 1 in Evocations
  5279 | D:6      | Reached skill level 8 in Axes
  5307 | D:6      | Reached XP level 9. HP: 44/81 MP: 8/8
  5389 | D:6      | Identified the +1 scale mail of Complete Protection {Str+4
                  | SInv Stlth+}
  5463 | D:6      | Reached skill level 9 in Axes
  5694 | D:6      | Found a staircase to the Ecumenical Temple.
  5702 | Temple   | Entered the Ecumenical Temple
  5863 | D:6      | Noticed Prince Ribbit
  5869 | D:6      | Killed Prince Ribbit
  5920 | D:6      | Noticed Sigmund
  5928 | D:6      | Killed Sigmund
  5929 | D:6      | Reached skill level 10 in Axes
  6145 | D:7      | Found a snail-covered altar of Cheibriados.
  6195 | D:7      | Found a radiant altar of Vehumet.
  6205 | D:7      | Reached skill level 5 in Shields
  6310 | D:7      | Found Yrakiemp's Jewellery Shoppe.
  6415 | D:7      | Reached XP level 10. HP: 89/91 MP: 9/9
  6427 | D:7      | Found a sand-covered staircase.
  6435 | Ossuary  | Entered an ossuary
  7014 | D:7      | Noticed Joseph
  7026 | D:7      | Killed Joseph
  7111 | D:8      | Found a staircase to the Lair.
  7116 | D:8      | Killed from afar by an orc priest

Illustrated notes

Levels and vault maps discovered:
D:1:      moated_graveyard_arrival, layout_loops_ring
D:2:      layout_rooms, uniq_crazy_yiuf_cottage
D:3:      layout_basic, nicolae_overflow_ecumenical_swirl,
          mainiacjoe_overflow_paths, zin_treasury, serial_shops,
          nicolae_shop_trees
D:4:      layout_basic, lightli_sewer_entry_pipes, gammafunk_ghost_smash
D:5:      layout_layer_cave, nzn_wu_jian_contemplation,
          ebering_ghost_disaster_area, nrook_loot_triangle, grunt_tough_drop
D:6:      layout_loops_ring, temple_fountains, uniq_prince_ribbit1, uniq_sigmund
D:7:      layout_loops_ring, kennysheep_slug_shrine,
          mainiacjoe_overflow_small_starburst, chequers_ossuary_entry_cave,
          kennysheep_flooded_box, nicolae_stop_n_shop_1, serial_park_tiny_pond,
          uniq_joseph
D:8:      layout_gridville, grunt_gozag_statues, nicolae_ashenzari_panopticon,
          erik_lair_orcish_takeover,
          ploomutoo_gammafunk_ghost_potion_laboratory, kennysheep_generic_room_8
Temple:   nicolae_temple_figure_zero

Skill      XL: |  1  2  3  4  5  6  7  8  9 |
---------------+----------------------------+-----
Armour         | 4 5 6 7 8 9 |  9.7
Axes           | 3 4 5 7 8 10 | 10.8
Fighting       | 4 5 6 7 9 |  9.6
Shields        | 4 5 |  5.1
Dodging        | 1 2 3 |  3.1
Evocations     | 2 3 |  3.9

Action                   |  1- 3 |  4- 6 |  7- 9 | 10-12 || total
-------------------------+-------+-------+-------+-------++-------
Melee: War axe           |    46 |   152 |   204 |    98 ||   500
       Headbutt          |    11 |    19 |    62 |    13 ||   105
  Use: Scroll            |       |     6 |    13 |     4 ||    23
       Potion            |       |     1 |     2 |     2 ||     5
 Stab: Paralysed         |       |       |     4 |       ||     4
       Confused          |       |       |     1 |       ||     1
Armor: Scale mail        |    27 |    72 |    64 |    18 ||   181
       Chain mail        |       |       |       |    13 ||    13
Dodge: Dodged            |    21 |    70 |    88 |    33 ||   212
Block: Buckler           |    12 |    45 |    38 |    33 ||   128
